 Dungeon Crawl Stone Soup version 0.27.0-66-gdc8fb28755 (webtiles) character file.

Game seed: 11716536279940450537

53220 robertstho the Warrior (level 14, -4/143 HPs)
             Began as a Pale Draconian Berserker on Aug 19, 2021.
             Was a High Priest of Trog.
             Splashed by an oklob plant's acid (12 damage)
             ... on level 1 of the Lair of Beasts.
             The game lasted 00:22:52 (15956 turns).

robertstho the Warrior (Pale Draconian Berserker)  Turns: 15956, Time: 00:22:53

Health: -4/143     AC:  0    Str: 25    XL:     14   Next: 30%
Magic:  14/14      EV: 13    Int: 10    God:    Trog [*****.]
Gold:   1036       SH: 10    Dex: 11    Spells: 13/13 levels left

rFire    + + .     SeeInvis .   y - +11 spear of Medots {vamp, rF+}
rCold    + . .     Faith    .   r - +2 kite shield
rNeg     . . .     Spirit   .   (armour unavailable)
rPois    .         Reflect  .   L - +1 hat {Int+3}
rElec    .         Harm     .   o - scarf {rC+ rF+}
rCorr    .         Rampage  .   m - +0 pair of gloves
Will     +....                  S - +1 pair of boots
Stlth    +++.......             t - amulet of the acrobat
HPRegen  0.33/turn              i - +4 ring of protection
MPRegen  0.14/turn              v - ring of flight

@: corroded, on berserk cooldown, flying, slowed, very slow
A: breathe steam, AC +8, unfitting armour, cold-blooded, steam resistance
a: Breathe Steam, Renounce Religion, Berserk, Trog's Hand, Brothers in Arms


You were on level 1 of the Lair of Beasts.
You worshipped Trog.
Trog was extremely pleased with you.
You visited 2 branches of the dungeon, and saw 16 of its levels.
You also visited: Sewer.

You collected 1036 gold pieces.

Inventory:

Hand Weapons
 e - the +6 great mace "Nadwaez" {holy, rC+ Will+ Dex+3 Stlth+}
   (You took it off an orc warrior on level 8 of the Dungeon)

   It has been blessed by the Shining One to cause great damage to the undead
   and demons.
   Dex:       It affects your dexterity (+3).
   rC:        It protects you from cold.
   Will:      It increases your willpower.
   Stlth:     It makes you more stealthy.
 y - the +11 spear of Medots (weapon) {vamp, rF+}
   (You found it on level 5 of the Dungeon)

   It occasionally heals its wielder for a portion of the damage dealt when it
   wounds a living foe.
   rF:        It protects you from fire.
 E - the +2 double sword of the Three Tables {speed, Fragile rF++ Dex+3}
   (You found it on level 8 of the Dungeon)

   Attacks with this weapon are significantly faster.
   Dex:       It affects your dexterity (+3).
   rF:        It greatly protects you from fire.
   Fragile:   It will be destroyed if unequipped.
 O - a +3 scimitar of flaming
Missiles
 p - 5 throwing nets (quivered)
Armour
 m - a +0 pair of gloves (worn)
 o - a scarf of resistance (worn)
 r - a +2 kite shield (worn)
 L - a +1 hat of intelligence (worn)
 S - a +1 pair of boots (worn)
Jewellery
 i - a +4 ring of protection (left hand)
 t - an amulet of the acrobat (around neck)
 v - a ring of flight (right hand)
 C - a +6 ring of strength
 D - a +4 ring of slaying
 H - a ring of ice
Wands
 B - a wand of acid (26)
 I - a wand of paralysis (9)
 M - a wand of flame (20)
 P - a wand of charming (7)
 R - a wand of iceblast (3)
Scrolls
 a - a scroll of identify
 f - a scroll of fear
 h - 2 scrolls of fog
 l - a scroll of brand weapon
 n - 4 scrolls of enchant armour
 s - a scroll of holy word {unknown}
 u - a scroll of torment {unknown}
 w - 4 scrolls of magic mapping
 F - 5 scrolls of teleportation
 J - 3 scrolls of immolation
 N - a scroll of enchant weapon
Potions
 b - 5 potions of flight
 c - 2 potions of curing
 d - 2 potions of ambrosia {unknown}
 g - a potion of brilliance {unknown}
 j - 2 potions of haste
 k - 5 potions of degeneration {unknown}
 q - 2 potions of lignification {unknown}
 x - a potion of cancellation
 z - 2 potions of invisibility {unknown}
 A - a potion of heal wounds
 G - a potion of might {unknown}
 K - 2 potions of mutation
 Q - a potion of magic {unknown}


   Skills:
 * Level 18.0 Fighting
 + Level 8.3(11.8) Axes
 + Level 13.2(14.0) Polearms
 + Level 10.6 Dodging
 + Level 7.4 Stealth
 + Level 0.1 Shields
 + Level 0.8 Evocations


You had 13 spell levels left.
You didn't know any spells.
Your spell library was empty.

Dungeon Overview and Level Annotations

Branches:
Dungeon (15/15)            Temple (0/1) D:5            Lair (1/6) D:11
    Orc (0/2) D:10         Vaults (0/5) D:14         Depths (0/5) D:15
  Sewer (visited)

Altars:
Dithmenos
Elyvilon
Fedhas
Hepliaklqana
Kikubaaqudgha
Makhleb
Qazlal
Ru
Sif Muna
Vehumet
Zin
The Shining One

Annotations:
Lair:1 exclusion: oklob plant


Innate Abilities, Weirdness & Mutations

You can breathe blasts of scalding, opaque steam.
Your pale cyan-grey scales are hard. (AC +8)
You cannot fit into any form of body armour.
You are cold-blooded and may be slowed by cold attacks.
You are immune to the effects of steam.


Message History

The oklob plant is lightly damaged.
You puncture the oklob plant! You tail-slap the oklob plant!
The oklob plant is heavily damaged.
You puncture the oklob plant!
The oklob plant is severely damaged.
You completely miss the oklob plant. You tail-slap the oklob plant.
The oklob plant is severely damaged.
The oklob plant spits acid at you. The splash of acid hits you.
* * * LOW HITPOINT WARNING * * *
You are splashed with acid!
* * * LOW HITPOINT WARNING * * *
You puncture the oklob plant!
The oklob plant is almost destroyed.
You are no longer berserk.
You are exhausted.
You feel yourself slow down.
You hit the oklob plant but do no damage.
The oklob plant is almost destroyed.
The oklob plant spits acid at you. The splash of acid hits you!
* * * LOW HITPOINT WARNING * * *
You are splashed with acid!
* * * LOW HITPOINT WARNING * * *
You feel much better. The oklob plant spits acid at you.
The splash of acid hits you!
* * * LOW HITPOINT WARNING * * *
You are splashed with acid!
* * * LOW HITPOINT WARNING * * *
Aiming: Throw Flame
Press: ? - help, Shift-Dir - straight line, f - oklob plant
Aim: an oklob plant (almost destroyed, 100% to hit)
The puff of flame hits the oklob plant but does no damage.
The oklob plant is almost destroyed.
The oklob plant spits acid at you. The splash of acid hits you!
* * * LOW HITPOINT WARNING * * *
You are splashed with acid!
You die...

.. .....
...##.#.###
...#....#.#
........(.#
..........# ##
...#..!...# .P#
.....PPP..##.##
....[PP@......#
.....PPP.....##
......(..$...#
.............#
.............#
.............##
..(...........#
..............#
....###.#.##.##


You could see an oklob plant.

Vanquished Creatures
  Rupert (D:13)
  Gastronok (D:11)
  Frances (D:12)
  A very ugly thing (D:15)
  Azrael (D:12)
  Snorg (D:12)
  Josephine (D:14)
  6 vault guards (D:14)
  A rakshasa (D:15)
  2 boulder beetles
  3 hydras
  Erolcha (D:12)
  2 death knights
  4 centaur warriors
  3 two-headed ogres
  3 skeletal warriors (D:15)
  A glowing orange brain (D:15)
  A phantasmal warrior (D:15)
  8 deep elf pyromancers (D:12)
  An oklob plant (Lair:1)
  2 orc knights
  5 cyclopes
  A deep elf zephyrmancer (D:12)
  7 ugly things
  3 manticores
  Maurice (D:8)
  2 unseen horrors
  Maggie (D:6)
  A tengu conjurer (D:13)
  A komodo dragon (D:13)
  A freezing wraith (D:15)
  4 trolls
  6 slime creatures
  A raiju (shapeshifter) (D:14)
  2 vampires
  9 wraiths
  4 yaks (D:9)
  A tarantella (shapeshifter) (D:15)
  4 fire elementals (D:12)
  A wyvern (D:8)
  3 basilisks
  7 vampire mosquitoes
  3 steam dragons
  A warg (D:15)
  An acid dragon (D:12)
  A water moccasin (D:8)
  3 hell hounds (D:12)
  7 orc warriors
  2 sky beasts (D:7)
  An ice beast (D:7)
  2 necrophages
  A black bear (D:5)
  A hornet zombie (D:6)
  13 centaurs
  7 ogres
  2 phantoms (D:6)
  2 bullfrogs
  4 kobold brigands
  2 scorpions
  2 water moccasin zombies
  23 killer bees
  A wight (D:8)
  3 electric eels (D:12)
  6 howler monkeys
  2 centaur zombies (D:7)
  2 bullfrog skeletons
  An orc priest (D:8)
  2 hounds
  A jelly (D:7)
  Jessica (D:2)
  Natasha (thrice) (D:2)
  Terence (D:3)
  2 iguanas
  15 orc wizards
  2 killer bee zombies
  A hound skeleton (D:4)
  2 howler monkey zombies
  Robin (D:3)
  9 adders
  A river rat (Sewer)
  3 white imps
  2 adder skeletons
  3 worms
  19 orcs
  3 bats
  4 endoplasms
  3 giant cockroaches
  10 goblins
  8 hobgoblins
  6 jackals
  12 kobolds
  3 quokkas
  5 ball pythons
  A ball python zombie (D:2)
  3 frilled lizards
  3 rats
  A bush (Lair:1)
333 creatures vanquished.

Vanquished Creatures (collateral kills)
  2 vault guards (D:14)
  An ugly thing (D:15)
  A komodo dragon (D:8)
  2 slime creatures (D:15)
  A steam dragon (D:8)
  A bullfrog (D:8)
  3 killer bees (D:8)
11 creatures vanquished.

Vanquished Creatures (others)
  3 fungi (D:1)
  2 plants (D:1)
5 creatures vanquished.

Grand Total: 349 creatures vanquished

Notes
Turn   | Place    | Note
-------+----------+-------------------------------------------
     0 | D:1      | robertstho the Draconian Berserker began the quest for the
                  | Orb.
     0 | D:1      | Reached XP level 1. HP: 19/19 MP: 1/1
   103 | D:1      | Reached XP level 2. HP: 23/26 MP: 2/2
   414 | D:1      | Found a faded altar of an unknown god.
   690 | D:2      | Reached XP level 3. HP: 33/33 MP: 3/3
  1006 | D:2      | Reached ** piety under Trog
  1205 | D:2      | Noticed Natasha
  1218 | D:2      | Killed Natasha
  1219 | D:2      | Reached skill level 4 in Fighting
  1219 | D:2      | Reached XP level 4. HP: 28/40 MP: 4/4
  1330 | D:2      | Noticed Jessica
  1331 | D:2      | Noticed Natasha
  1341 | D:2      | Killed Jessica
  1342 | D:2      | Killed Natasha
  1519 | D:2      | Noticed Natasha
  1526 | D:2      | Killed Natasha
  1527 | D:2      | Reached XP level 5. HP: 47/47 MP: 5/5
  1572 | D:2      | Found a shadowy altar of Dithmenos.
  1811 | D:3      | Found Sualuy's Magic Scroll Shoppe.
  1840 | D:3      | Found a glowing silver altar of Zin.
  2135 | D:3      | Noticed Robin
  2143 | D:3      | Killed Robin
  2348 | D:3      | Found a shimmering blue altar of Sif Muna.
  2468 | D:3      | Noticed Terence
  2476 | D:3      | Killed Terence
  2639 | D:4      | Noticed an ogre
  2653 | D:4      | Killed an ogre
  2654 | D:4      | Reached skill level 5 in Axes
  2654 | D:4      | Reached skill level 1 in Stealth
  2654 | D:4      | Reached XP level 6. HP: 34/55 MP: 6/6
  2919 | D:4      | Reached skill level 5 in Fighting
  3111 | D:4      | Your scales start taking on a pale cyan-grey colour.
  3111 | D:4      | Reached XP level 7. HP: 61/61 MP: 7/7
  3111 | D:4      | Gained mutation: You are immune to the effects of steam.
                  | [Pale Draconian growth]
  3266 | D:4      | Found a radiant altar of Vehumet.
  3487 | D:4      | Reached *** piety under Trog
  3622 | D:5      | Entered Level 5 of the Dungeon
  3631 | D:5      | Found a staircase to the Ecumenical Temple.
  3716 | D:5      | Found a glowing drain.
  3731 | Sewer    | Entered a sewer
  3981 | Sewer    | Reached skill level 6 in Fighting
  4346 | D:5      | Found a blossoming altar of Fedhas.
  4456 | D:5      | Reached XP level 8. HP: 69/71 MP: 8/8
  4473 | D:5      | Found a stormy altar of Qazlal.
  4562 | D:5      | Reached skill level 5 in Dodging
  4888 | D:5      | Identified the +11 spear of Medots {vamp, rF+}
  5177 | D:6      | Reached skill level 7 in Fighting
  5283 | D:6      | Noticed Maggie
  5298 | D:6      | Killed Maggie
  5299 | D:6      | Reached skill level 1 in Polearms
  5396 | D:6      | Reached XP level 9. HP: 56/79 MP: 9/9
  5647 | D:6      | Found a hazy altar of Hepliaklqana.
  5672 | D:6      | Found a sacrificial altar of Ru.
  5814 | D:6      | Noticed a two-headed ogre
  5856 | D:6      | Killed an unseen horror
  5857 | D:6      | Reached skill level 8 in Fighting
  5892 | D:6      | Killed a two-headed ogre
  5893 | D:6      | Reached skill level 5 in Polearms
  6443 | D:7      | Noticed a cyclops
  6446 | D:7      | Killed a cyclops
  6502 | D:7      | Reached XP level 10. HP: 81/90 MP: 10/10
  6508 | D:7      | Reached skill level 9 in Fighting
  6648 | D:7      | Reached **** piety under Trog
  6747 | D:7      | Found a burning altar of Makhleb.
  6988 | D:8      | Noticed Maurice
  7009 | D:8      | Killed Maurice
  7136 | D:8      | Noticed a two-headed ogre
  7145 | D:8      | Killed a two-headed ogre
  7151 | D:8      | Reached skill level 10 in Fighting
  7286 | D:8      | Identified the +6 great mace "Nadwaez" {holy, rC+ Will+
                  | Dex+3 Stlth+}
  7313 | D:8      | Reached XP level 11. HP: 53/101 MP: 11/11
  7353 | D:8      | Identified the +2 double sword of the Three Tables {speed,
                  | Fragile rF++ Dex+3}
  7358 | D:8      | Identified the +6 quarterstaff "Fughuamangu" {pain, Fragile
                  | rF++ Stlth+}
  7579 | D:8      | Found a glowing golden altar of the Shining One.
  7946 | D:9      | Reached skill level 11 in Fighting
  8063 | D:9      | Found an ancient bone altar of Kikubaaqudgha.
  8585 | D:10     | Entered Level 10 of the Dungeon
  9034 | D:10     | Found a staircase to the Orcish Mines.
  9525 | D:11     | Found a staircase to the Lair.
  9852 | D:11     | Noticed Gastronok
  9871 | D:11     | Killed Gastronok
  9872 | D:11     | Reached skill level 12 in Fighting
 10239 | D:12     | Noticed a boulder beetle
 10253 | D:12     | Killed a boulder beetle
 10254 | D:12     | Reached skill level 10 in Polearms
 10289 | D:12     | Noticed a deep elf zephyrmancer
 10289 | D:12     | Noticed a deep elf pyromancer
 10290 | D:12     | Noticed a deep elf pyromancer
 10290 | D:12     | Noticed a deep elf pyromancer
 10290 | D:12     | Noticed a deep elf pyromancer
 10290 | D:12     | Noticed a deep elf pyromancer
 10291 | D:12     | Noticed a deep elf pyromancer
 10291 | D:12     | Noticed a deep elf pyromancer
 10291 | D:12     | Noticed a deep elf pyromancer
 10317 | D:12     | Noticed Frances
 10323 | D:12     | Killed a deep elf pyromancer
 10325 | D:12     | Noticed Snorg
 10329 | D:12     | Noticed a sun demon
 10335 | D:12     | Killed Frances
 10336 | D:12     | Reached skill level 13 in Fighting
 10336 | D:12     | Reached skill level 5 in Stealth
 10336 | D:12     | Reached XP level 12. HP: 115/115 MP: 12/12
 10345 | D:12     | Noticed a two-headed ogre
 10352 | D:12     | Killed Snorg
 10352 | D:12     | Reached ***** piety under Trog
 10449 | D:12     | Noticed a death knight
 10471 | D:12     | Noticed Erolcha
 10482 | D:12     | Killed a death knight
 10486 | D:12     | Killed Erolcha
 10487 | D:12     | Reached skill level 14 in Fighting
 10767 | D:12     | Killed a two-headed ogre
 11064 | D:12     | Noticed Azrael
 11113 | D:12     | Reached skill level 15 in Fighting
 11125 | D:12     | Killed Azrael
 11475 | D:13     | Noticed Rupert
 11476 | D:13     | Paralysed by Rupert for 2 turns
 11496 | D:13     | Killed Rupert
 11609 | D:13     | Reached XP level 13. HP: 128/128 MP: 13/13
 11655 | D:13     | Reached skill level 16 in Fighting
 12465 | D:14     | Noticed Josephine
 12477 | D:14     | Killed Josephine
 12727 | D:14     | Found a gate to the Vaults.
 12758 | D:14     | Reached skill level 10 in Dodging
 12789 | D:14     | Reached skill level 17 in Fighting
 13345 | D:15     | Entered Level 15 of the Dungeon
 14192 | D:15     | Reached XP level 14. HP: 120/140 MP: 14/14
 14568 | D:15     | Noticed a white very ugly thing
 14578 | D:15     | Killed a white very ugly thing
 14652 | D:15     | Received a gift from Trog
 14721 | D:15     | Found a staircase to the Depths.
 14824 | D:15     | Reached skill level 18 in Fighting
 15634 | Lair:1   | Entered Level 1 of the Lair of Beasts
 15771 | Lair:1   | Found a white marble altar of Elyvilon.
 15954 | Lair:1   | HP: 5/143 [acid (13)]
 15956 | Lair:1   | Splashed by an oklob plant's acid

Illustrated notes

Levels and vault maps discovered:
D:1:      zelgadis_glass_arrival_small, layout_rooms,
          shapermc_ecumenical_altar_gd
D:2:      layout_rooms, serial_undead, serial_undead_d, serial_undead_f,
          serial_undead_e, serial_undead_a, basic_altar,
          minmay_misc_feat_nine_boxes, uniq_jessica, uniq_natasha
D:3:      layout_loops_ring, mainiacjoe_overflow_catwalk,
          general_overflow_altar, serial_shops, nicolae_shop_crystal,
          uniq_terence, uniq_robin
D:4:      layout_basic, kennysheep_little_box, st_stairs_13,
          chequers_serial_rivers_small_3
D:5:      layout_loops_ring, nicolae_qazlal_scattered_showers, kennysheep_mini,
          minmay_temple_entry_large_hall, gup_sewer_entry_pipe,
          kennysheep_generic_room_8
D:6:      layout_gridville, nicolae_overflow_crystal_walls,
          mainiacjoe_overflow_six_doors_small, minmay_misc_feat_pillars,
          kb_rosetta, uniq_maggie
D:7:      layout_rooms, bloody_makhleb, kennysheep_small_square
D:8:      minmay_the_grid_octo_triangle [minmay_the_grid_octo_checkerflower,
          minmay_the_grid_octo_prize_ultimate_mussel_roller,
          minmay_the_grid_octo_odd_swirl], layout_cave_pools, tso_metal_star,
          uniq_maurice
D:9:      layout_loops_ring, kiku_gazebo_pond_becter, serial_glass,
          glass_columns_a, glass_columns_b
D:10:     layout_roguey, orc_0_dummy, minivault_27
D:11:     layout_irregular_city, lair_entry_dummy, serial_column_ruins,
          column_ruins_open_tiny, column_ruins_corridor_straight,
          column_ruins_grid_2, column_ruins_open_medium,
          column_ruins_open_small, column_ruins_columns_corner, uniq_gastronok
D:12:     layout_basic, elves_outpost_lemuel, uniq_azrael, uniq_snorg,
          uniq_erolcha, uniq_frances
D:13:     layout_irregular_city, uniq_rupert
D:14:     layout_roguey, erik_vaults_2, uniq_josephine
D:15:     gammafunk_enter_depths_forms, layout_basic, serial_park_tiny_2
Lair:1:   layout_regular_city, minmay_lair_oklob_bushes, lemuel_oklob_altar,
          lemuel_fruit_fields, serial_bayou_shore_b

Skill      XL: |  1  2  3  4  5  6  7  8  9 10 11 12 13 14 |
---------------+-------------------------------------------+-----
Dodging        | 3 4 5 6 7 8 9 10 | 10.6
Fighting       | 4 5 6 7 8 10 13 15 17 18 | 18.0
Axes           | 4 5 7 8 |  8.3
Stealth        | 1 2 3 5 7 |  7.4
Polearms       | 1 5 8 10 11 12 13 | 13.2
Shields        | |  0.1
Evocations     | |  0.8

Action                   |  1- 3 |  4- 6 |  7- 9 | 10-12 | 13-15 || total
-------------------------+-------+-------+-------+-------+-------++-------
Melee: Hand axe          |   106 |    83 |   204 |       |       ||   393
       Tailslap          |    11 |    18 |    41 |   116 |    97 ||   283
       Spear             |       |       |   124 |   629 |   471 ||  1224
Throw: Throwing net      |       |       |       |     1 |       ||     1
Invok: Berserk           |     1 |     4 |     2 |    12 |     6 ||    25
       Brothers in Arms  |       |       |       |     4 |     2 ||     6
       Trog's Hand       |       |       |       |     3 |       ||     3
 Abil: Breathe Steam     |       |       |       |     2 |     1 ||     3
Evoke: Wand              |       |       |       |     3 |     1 ||     4
  Use: Scroll            |       |     2 |     2 |     9 |     1 ||    14
       Potion            |       |       |       |     3 |     2 ||     5
 Stab: Sleeping          |       |     1 |     1 |     6 |     9 ||    17
       Distracted        |       |       |       |     1 |     1 ||     2
Armor: Skin              |    32 |    28 |   114 |   181 |    91 ||   446
Dodge: Dodged            |    73 |    41 |   201 |   398 |   137 ||   850
Block: Kite shield       |       |       |       |       |    10 ||    10
